Map: Orbital Shipyard

Players

ExileR

  • Race: Terran Terran
  • League: Platinum

MorN - Winner!

  • Race: Terran Terran
  • League: Diamond

VOD

Have the link to the VOD?

Description

Time

  • Played on: Nov. 17, 2015, 4:54 p.m.
  • Length: 10:32
Show
View Real Time Build Order
Export as new Build Order

ExileR Terran 

Build Orders: Bio Tank, MMM Bio 

Get SALT Encoding   

  12  0:00  SCV  
  13  0:13  SCV  
  14  0:17  Supply Depot  
  14  0:25  SCV  
  15  0:39  SCV  
  15  0:40  Barracks  
  16  0:45  Refinery  
  16  0:51  SCV  
  17  1:03  SCV  
  18  1:15  SCV  
  19  1:27  Orbital Command, Marine  
  20  1:41  Command Center  
  20  1:45  Marine  
  21  1:53  Supply Depot  
  21  2:03  Factory  
  21  2:05  Marine  
  22  2:11  SCV  
  23  2:17  Supply Depot  
  23  2:21  Refinery  
  23  2:23  SCV  
  23  2:26  Marine  
  25  2:36  SCV  
  26  2:46  Marine  
  26  2:48  SCV, Hellion  
  26  2:50  Starport  
  30  2:59  Orbital Command  
  30  3:16  Factory Tech Lab  
  30  3:17  SCV, Marine  
  32  3:27  SCV  
  32  3:29  SCV  
  34  3:35  Marine  
  34  3:39  SCV  
  36  3:41  SCV  
  36  3:45  Factory Reactor  
  36  3:46  Raven  
  39  3:51  SCV  
  39  3:53  SCV  
  41  3:57  Marine  
  41  3:59  Supply Depot  
  42  4:04  SCV  
  42  4:05  SCV  
  42  4:08  Barracks  
  42  4:09  Barracks  
  44  4:15  Marine  
  44  4:16  SCV  
  46  4:18  SCV  
  46  4:21  Supply Depot  
  47  4:28  Supply Depot  
  48  4:31  SCV x2  
  49  4:43  Viking x2  
  49  4:44  SCV x2  
  55  4:48  Factory Tech Lab  
  55  4:50  Engineering Bay  
  55  4:51  Engineering Bay, Marine  
  55  4:52  Stimpack  
  54  5:02  Marine x2  
  55  5:12  SCV x2  
  54  5:24  SCV x2  
  54  5:26  Siege Tank  
  59  5:34  Barracks Reactor  
  59  5:36  SCV x2  
  59  5:40  Refinery  
  59  5:41  Refinery  
  59  5:42  Command Center  
  61  5:48  SCV x2  
  63  5:52  Missile Turret  
  63  5:54  Missile Turret  
  63  5:55  Starport Reactor  
  63  5:56  Marine x3  
  66  6:00  SCV x2  
  68  6:04  Siege Tank  
  71  6:12  SCV x2  
  71  6:16  Marine  
  71  6:17  Marine x4  
  78  6:20  Supply Depot  
  78  6:22  Supply Depot x2  
  78  6:26  Barracks  
  78  6:29  Barracks  
  78  6:30  Supply Depot  
  78  6:31  Supply Depot  
  78  6:33  Terran Infantry Weapons Level 1, Terran Infantry Armor Level 1  
  78  6:42  SCV x2, Siege Tank  
  78  6:45  Marine x5  
  88  6:52  Combat Shields  
  88  6:55  Orbital Command  
  88  6:59  Supply Depot  
  88  7:00  Medivac  
  90  7:03  Marine  
  90  7:04  SCV x2, Marine x2  
  90  7:08  Marine, Medivac  
  97  7:09  Marine  
  99  7:16  Barracks Reactor x2  
  99  7:27  Marine  
  99  7:28  Marine x4  
  104  7:30  Siege Tank  
  104  7:35  Orbital Command  
  104  7:36  SCV  
  104  7:37  SCV  
  109  7:44  Medivac  
  109  7:45  Marine, Medivac  
  109  7:46  Marine x2  
  109  7:49  SCV x2  
  118  7:51  Missile Turret  
  118  7:52  Supply Depot, Missile Turret  
  118  7:55  Supply Depot  
  118  7:58  Marine x6  
  120  8:03  Marine x3  
  127  8:07  Siege Tank  
  127  8:12  SCV x2  
  130  8:13  SCV  
  130  8:16  Refinery  
  130  8:18  Armory  
  131  8:20  Refinery  
  131  8:24  SCV  
  132  8:36  Marine x7  
  132  8:37  Marine x2  
  132  8:39  Siege Tank  
  132  8:40  SCV  
  141  8:54  Marine x9  
  135  9:10  SCV x2  
  135  9:11  Marine  
  135  9:12  Marine x5  
  138  9:47  Supply Depot  
  138  9:48  SCV x2, Supply Depot, Marine x9  
  138  9:49  Supply Depot  
  138  9:52  Missile Turret  
  149  10:00  Supply Depot  
  149  10:02  Supply Depot  
  149  10:09  SCV x2, Marine x2  
  149  10:12  Marine  
  149  10:13  Marine x6  
Show
View Real Time Build Order
Export as new Build Order

MorN Terran - Winner!

Build Orders: Bio Tank, MMM Bio, Banshee Rush 

Get SALT Encoding   

  12  0:00  SCV  
  13  0:13  SCV  
  14  0:17  Supply Depot  
  14  0:25  SCV  
  14  0:27  Refinery  
  15  0:39  SCV  
  16  0:45  Barracks  
  16  0:51  SCV  
  17  1:03  SCV  
  18  1:15  SCV  
  19  1:31  Orbital Command  
  19  1:33  Marine  
  20  1:44  Command Center  
  20  1:52  Factory  
  20  1:56  Marine  
  20  1:59  SCV  
  22  2:08  Supply Depot  
  22  2:14  SCV  
  23  2:18  Refinery  
  23  2:30  SCV, Marine  
  25  2:37  Starport  
  25  2:42  SCV  
  26  2:47  Marine  
  26  2:50  Factory Tech Lab  
  27  2:54  SCV  
  27  2:57  Orbital Command  
  27  3:06  SCV  
  27  3:07  Marine  
  29  3:17  Factory Reactor  
  29  3:18  SCV  
  30  3:20  Banshee, Cloaking Field  
  30  3:24  SCV  
  34  3:31  Engineering Bay  
  34  3:32  SCV  
  34  3:33  Marine  
  36  3:36  SCV  
  37  3:46  SCV  
  37  3:47  Supply Depot  
  37  3:48  SCV  
  39  3:53  Marine  
  40  4:01  Missile Turret  
  40  4:02  SCV x2  
  42  4:07  Factory Tech Lab, Raven  
  44  4:13  Missile Turret  
  44  4:14  SCV  
  45  4:19  SCV  
  45  4:23  Marine x2  
  48  4:28  Cyclone  
  48  4:29  SCV  
  48  4:31  SCV  
  53  4:36  Command Center  
  53  4:41  SCV  
  53  4:44  Supply Depot  
  54  4:46  Supply Depot  
  54  5:06  SCV x2, Marine x2  
  58  5:18  SCV x2  
  58  5:19  Refinery  
  58  5:20  Refinery  
  60  5:29  Starport Reactor  
  60  5:30  SCV, Siege Tank  
  60  5:31  Barracks  
  60  5:32  Supply Depot x2, SCV  
  60  5:33  Barracks  
  65  5:36  Stimpack  
  65  5:38  Terran Infantry Weapons Level 1  
  65  5:40  Supply Depot  
  65  5:42  SCV  
  66  5:46  SCV  
  66  5:47  Orbital Command  
  67  5:53  Barracks  
  67  5:54  SCV  
  67  5:55  Barracks  
  68  5:57  Engineering Bay  
  68  5:58  SCV, Marine  
  70  6:13  SCV  
  70  6:16  Marine  
  70  6:17  Starport Reactor  
  72  6:19  Supply Depot  
  72  6:22  Siege Tank, Marine x2  
  72  6:24  SCV  
  72  6:25  Terran Infantry Armor Level 1, Orbital Command  
  78  6:27  SCV, Armory  
  78  6:28  Marine  
  80  6:34  Marine  
  80  6:36  SCV  
  80  6:39  Marine  
  83  6:40  Marine x2  
  83  6:41  Barracks Reactor  
  83  6:42  Barracks Reactor  
  83  6:43  SCV  
  83  6:45  Marine  
  87  6:51  Supply Depot x2  
  87  6:52  SCV x2, Marine  
  90  6:57  Marine  
  91  7:03  SCV  
  91  7:04  SCV  
  91  7:05  Medivac x2  
  91  7:06  Marine x2  
  91  7:08  SCV  
  100  7:10  Refinery  
  100  7:15  SCV  
  101  7:16  SCV  
  101  7:17  Marine x4  
  101  7:20  SCV, Marine x2  
  101  7:21  Marine  
  110  7:22  Terran Vehicle Weapons Level 1  
  110  7:28  SCV  
  111  7:30  Marine x2  
  111  7:31  Sensor Tower  
  111  7:32  Siege Tank  
  111  7:35  Marine x2  
  111  7:36  SCV, Combat Shields  
  119  7:37  SCV  
  119  7:39  Refinery  
  119  7:40  SCV  
  121  7:49  SCV x2  
  121  7:50  Marine x6  
  121  7:51  Marine  
  130  7:53  Supply Depot  
  130  7:54  SCV  
  130  7:55  Terran Infantry Weapons Level 2  
  130  7:58  Marine x2  
  132  8:01  SCV  
  132  8:05  Supply Depot  
  133  8:14  Siege Tank, Medivac x2  
  133  8:19  Marine  
  141  8:23  Supply Depot x2  
  141  8:26  Marine x8  
  149  8:28  Supply Depot  
  149  8:29  Supply Depot  
  149  8:36  Marine  
  149  8:38  Barracks x3  
  147  8:44  Marine x4  
  148  8:49  Orbital Command  
  135  9:05  Marine x6  
  140  9:10  Marine x3  
  140  9:11  Siege Tank, Medivac x2  
  147  9:23  Marine x4  
  146  9:31  Marine x2  
  148  9:40  Marine x3  
  148  9:41  Barracks Reactor x2, Medivac x2  
  155  9:47  Command Center  
  155  9:49  Marine  
  155  9:50  Marine x4  
  155  9:51  Barracks Reactor  
  154  9:59  Supply Depot  
  154  10:00  Supply Depot  
  154  10:01  SCV x2  
  154  10:02  Refinery  
  154  10:03  Marine x3  
  159  10:11  Marine x4  
Tags
 
Add a new tag
Caveats
  • Supply blocks, unpowered buildings, or Contaminate may cause inaccurate times.
  • Supply counts are checked every 10 seconds.